 Dungeon Crawl Stone Soup version 0.25.1-8-g42b30a86e7 (webtiles) character file.

Game seed: 15559445124373816482

159 puppyhush the Skirmisher (level 5, 0/72 HPs)
             Began as a Minotaur Berserker on Dec 5, 2020.
             Was a Believer of Trog.
             Slain by Sigmund
             ... wielding a +0 scythe
              (10 damage)
             ... on level 3 of the Dungeon.
             The game lasted 01:05:05 (3161 turns).

puppyhush the Skirmisher (Minotaur Berserker)       Turns: 3161, Time: 01:05:05

Health: 0/72       AC:  5    Str: 23    XL:     5   Next: 17%
Magic:  0/4        EV: 12    Int:  4    God:    Trog [**....]
Gold:   85         SH:  0    Dex: 15    Spells: 4/4 levels left

rFire    . . .     SeeInvis .   p - +0 flail
rCold    . . .     Gourm    .   (no shield)
rNeg     . . .     Faith    .   j - +0 ring mail
rPois    .         Spirit   +   (helmet restricted)
rElec    .         Reflect  .   (no cloak)
rCorr    .         Harm     .   (no gloves)
MR       ++...                  (no boots)
Stlth    ..........             o - amulet of guardian spirit
HPRegen  1.22/turn              w - +6 ring of dexterity
MPRegen  0.09/turn              (no ring)

@: berserking, regenerating (expiring), very quick
A: retaliatory headbutt, horns 2
a: Berserk, Trog's Hand, Renounce Religion


You were on level 3 of the Dungeon.
You worshipped Trog.
Trog was pleased with you.
You were not hungry.

You visited 1 branch of the dungeon, and saw 3 of its levels.

You collected 85 gold pieces.

Inventory:

Hand Weapons
 a - a +0 falchion
 b - a +0 hunting sling
 n - a +0 hand axe
 p - a +0 flail (weapon)
 q - a cursed +0 dagger
 r - a +0 dagger
 v - a +0 spear
 A - a cursed -2 club
 B - a +0 spear
 C - a +0 whip
Missiles
 d - 62 stones (quivered)
 i - 49 sling bullets
 s - 118 arrows
 u - 20 bolts
Armour
 f - a +0 scale mail
 j - a +0 ring mail (worn)
 l - a +0 leather armour
 y - a +0 pair of gloves
Jewellery
 o - an amulet of guardian spirit (around neck)
 w - a +6 ring of dexterity (left hand)
Scrolls
 k - a scroll of fear
 x - a scroll of noise
Potions
 e - 2 potions of might
 h - 2 potions of flight
 m - a potion of berserk rage {unknown}
 t - a potion of mutation {unknown}
 z - a potion of stabbing {unknown}
Comestibles
 c - 4 rations
 g - 9 chunks of flesh


   Skills:
 * Level 5.4 Fighting
 - Level 3.8 Long Blades
 + Level 0.5 Maces & Flails
 + Level 2.3 Throwing
 + Level 3.6 Armour
 - Level 2.3 Dodging


You had 4 spell levels left.
You didn't know any spells.
Your spell library was empty.

Dungeon Overview and Level Annotations

Branches:
Dungeon (3/15)

Altars:
Cheibriados
Hepliaklqana
Okawaru
Sif Muna
Yredelemnul
Zin
The Shining One

Annotations:
D:3 Sigmund


Innate Abilities, Weirdness & Mutations

You reflexively headbutt those who attack you in melee.
You have a pair of horns on your head.


Message History

You barely miss something. Something hits you.
You barely miss something. You headbutt something! You miss something.
You headbutt something.
You feel the effects of Trog's Hand fading.
Something hits you!
* * * LOW HITPOINT WARNING * * *
You completely miss something. You headbutt something! Something hits you.
* * * LOW HITPOINT WARNING * * *
A red film seems to cover your vision as you go berserk!
You feel yourself moving faster!
You feel mighty!
You feel a lot more hungry. Something hits you!
* * * LOW HITPOINT WARNING * * *
You barely miss something.
You hear some strange, mumbled words.
A magic dart appears from out of thin air!
The magic dart hits you.
* * * LOW HITPOINT WARNING * * *
You miss something. You completely miss something. Something hits you!
You die...

.##.............# #......##
................####........
....... #.......##≈#........
....... #........#≈#........
....... #.........≈.........
.......##.........≈÷÷....÷..
.......÷..........≈.........
..............#..#≈###......
...........@..#..#≈# #######
.....##....{..#..#≈# # .....
#....#.###.### #
.....##....#+###........
........................
#.......................
.......................
(..........?.(#........
###......>....#...#.###


There were no monsters in sight!

Vanquished Creatures
  Terence (D:2)
  4 gnolls (D:2)
  2 adders (D:2)
  An ooze (D:1)
  2 worms (D:2)
  3 dart slugs
  A leopard gecko (D:1)
  An orc (D:3)
  2 giant cockroaches
  8 goblins
  4 hobgoblins
  6 jackals
  2 ball pythons
  9 bats
  4 frilled lizards (D:1)
  7 kobolds (D:1)
  6 rats
63 creatures vanquished.

Notes
Turn   | Place    | Note
-------+----------+-------------------------------------------
     0 | D:1      | puppyhush the Minotaur Berserker began the quest for the
                  | Orb.
     0 | D:1      | Reached XP level 1. HP: 19/19 MP: 0/0
   202 | D:1      | Reached skill level 4 in Fighting
   228 | D:1      | Reached XP level 2. HP: 12/27 MP: 1/1
   468 | D:1      | Reached ** piety under Trog
   507 | D:1      | Reached XP level 3. HP: 34/34 MP: 2/2
  1063 | D:1      | Reached skill level 1 in Throwing
  1225 | D:2      | Found a basalt altar of Yredelemnul.
  1274 | D:2      | Reached skill level 5 in Fighting
  1444 | D:2      | Reached XP level 4. HP: 42/42 MP: 3/3
  1895 | D:2      | Noticed Terence
  1908 | D:2      | Killed Terence
  2129 | D:2      | Found a shimmering blue altar of Sif Muna.
  2176 | D:2      | Reached XP level 5. HP: 48/48 MP: 4/4
  2417 | D:2      | Found an iron altar of Okawaru.
  2551 | D:2      | Found a glowing silver altar of Zin.
  2561 | D:2      | Found a snail-covered altar of Cheibriados.
  2575 | D:2      | Found a glowing golden altar of the Shining One.
  3033 | D:3      | Found a hazy altar of Hepliaklqana.
  3133 | D:3      | Noticed Sigmund
  3161 | D:3      | Slain by Sigmund

Illustrated notes

Levels and vault maps discovered:
D:1:      dpeg_arrival_rhombi, layout_basic, minivault_25
D:2:      minmay_door_path, layout_basic, nicolae_overflow_hidden_temple,
          lemuel_round_altar, minmay_overflow_temple_star_quad,
          hangedman_feature_mirror, okawaru_metal_pillars_3, uniq_terence
D:3:      wad_pebble_path, layout_basic, lemuel_crystal_altar,
          chequers_serial_rivers_micro_a, uniq_ijyb, uniq_sigmund

Skill      XL: |  1  2  3  4 |
---------------+-------------+-----
Fighting       | 4 5 |  5.4
Throwing       | 1 2 |  2.3
Armour         | 3 |  3.6
Long Blades    | |  3.8
Maces & Flails | |  0.5
Dodging        | |  2.3

Action                   |  1- 3 |  4- 6 || total
-------------------------+-------+-------++-------
Melee: Falchion          |    51 |    14 ||    65
       Headbutt          |    12 |     9 ||    21
       Flail             |       |    53 ||    53
Throw: Stone             |    65 |    24 ||    89
Invok: Berserk           |     4 |     3 ||     7
       Trog's Hand       |       |     1 ||     1
  Use: Scroll            |     4 |     5 ||     9
  Eat: Chunk             |     3 |     8 ||    11
       Ration            |       |     1 ||     1
Armor: Ring mail         |    23 |    20 ||    43
Dodge: Dodged            |    35 |    36 ||    71
       Rpst.: Falchion   |     4 |     2 ||     6
